 Dungeon Crawl Stone Soup version 0.20-a0-464-g526fb3c (webtiles) character file.

32 pichaelthompson the Skirmisher (level 2, 0/39 HPs)
             Began as a Demigod Fighter on Jan 11, 2017.
             Succumbed to an adder's poison
             ... on level 2 of the Dungeon.
             The game lasted 00:04:03 (1107 turns).

pichaelthompson the Skirmisher (Demigod Fighter)    Turns: 1107, Time: 00:04:03

Health: 0/39       AC: 21    Str: 24    XL:     2   Next: 93%
Magic:  4/4        EV:  2    Int: 12    God:
Gold:   63         SH: 10    Dex: 15    Spells: 1/1 levels left

rFire  x . .     SeeInvis +     a - +0 trident
rCold  + . .     Gourm    .     (armour currently unavailable)
rNeg   + + +     Faith    .     c - +0 shield
rPois  +         Spirit   .     (helmet currently unavailable)
rElec  .         Reflect  .     (cloak currently unavailable)
rCorr  .         Harm     .     (gloves currently unavailable)
MR     .....     NoTele   +     (boots currently unavailable)
Stlth  +.........               (no amulet)
                                m - ring of ice
                                i - ring of see invisible

@: mighty, lethally poisoned (0 -> -2), tree-form, invisible
A: high mp 1
a: no special abilities


You were on level 2 of the Dungeon.
You were not hungry.
You were a tree.
You visited 1 branch of the dungeon, and saw 2 of its levels.

You collected 63 gold pieces.

Inventory:

Hand Weapons
 a - a +0 trident (weapon)
Armour
 b - a +0 scale mail (melded)
 c - a +0 shield (worn)
 h - a +0 hat (melded)
Jewellery
 i - a ring of see invisible (left branch)
 m - a ring of ice (right branch)
 p - a +4 amulet of reflection {unknown}
Scrolls
 g - 2 scrolls of identify {unknown}
 n - a scroll of teleportation {unknown}
 o - a scroll of immolation {unknown}
 q - a scroll of magic mapping {unknown}
Potions
 d - a potion of might
Comestibles
 f - 3 bread rations
 j - a chunk of flesh
 k - a beef jerky
 l - 3 fruits


   Skills:
 + Level 3.1 Fighting
 + Level 2.1 Polearms
 + Level 3.1 Armour
 + Level 0.1 Dodging
 + Level 2.9 Shields


You had one spell level left.
You didn't know any spells.

Dungeon Overview and Level Annotations

Branches:
Dungeon (2/15)


Innate Abilities, Weirdness & Mutations

You have an increased reservoir of magic. (+10% MP)


Message History

The adder poisons you!
Your shield and scale mail prevent you from hitting the adder.
You feel sick.
The hobgoblin hits you but does no damage.
You block the adder's attack. The hobgoblin closely misses you.
You feel very mighty all of a sudden. You block the adder's attack.
You block the hobgoblin's attack. The hobgoblin hits you with a club.
* * * LOW HITPOINT WARNING * * *
The adder bites you.
* * * LOW HITPOINT WARNING * * *
It was a potion of lignification.
You turn into a tree.
Your +0 hat melds into your body.
Your +0 scale mail melds into your body.
Your roots penetrate the ground.
You block the hobgoblin's attack. You block the adder's attack.
The hobgoblin hits you but does no damage.
It was a potion of invisibility.
You fade into invisibility!
You die...

.. #. ##+#### #.
#.....#
#####.##.....# #
.......#.....# ##..
...$.........# #....
......%.gg...+......
........S♣...#<.....
....#...#+##........
. #.#.#.##.####...
#.#............. .
##...#.#......
..#.$...#........ ..
#.##. #......## ...
# #.##......# #
#......#


You could see an adder and 2 hobgoblins.

Vanquished Creatures
  2 dart slugs (D:1)
  A leopard gecko (D:1)
  3 bats (D:1)
  A giant cockroach (D:1)
  3 goblins
  3 hobgoblins
  2 jackals (D:1)
  A ball python (D:1)
  2 frilled lizards (D:1)
  6 kobolds (D:1)
  2 rats (D:1)
26 creatures vanquished.

Notes
Turn   | Place    | Note
-------+----------+-------------------------------------------
     0 | D:1      | pichaelthompson the Demigod Fighter began the quest for the Orb.
     0 | D:1      | Reached XP level 1. HP: 18/18 MP: 3/3
   338 | D:1      | Reached XP level 2. HP: 22/26 MP: 4/4
  1105 | D:2      | HP: 1/26 [adder (4)]
  1107 | D:2      | Succumbed to an adder's poison

Vault maps used:
D:1:      dpeg_arrival_arbitrary_b, grunt_decor_cap, roderic_greek_sauvastika,
          minivault_14, minivault_27, minmay_misc_feat_tiny

Skill      XL: |  1  2 |
---------------+-------+-----
Polearms       | 2 |  2.1
Fighting       | 3 |  3.1
Armour         | 3 |  3.1
Dodging        | |  0.1
Shields        | |  2.9

Action                   || total
-------------------------++-------
Melee: Trident           ||    74
  Use: Potion            ||     3
  Eat: Chunk             ||     1
Armor: Scale mail        ||    36
       Skin              ||     1
Dodge: Dodged            ||    30
Block: Shield            ||    38
